 Dungeon Crawl Stone Soup version 0.30.1 (webtiles) character file.

Game seed: 17288797869552591050

88 croobank the Caller (level 4, -1/27 HPs)
             Began as an Octopode Summoner on July 5, 2023.
             Slain by Terence
             ... wielding a +2 heavy flail
              (14 damage)
             ... on level 3 of the Dungeon.
             The game lasted 00:23:45 (2784 turns).

croobank the Caller (Octopode Summoner)             Turns: 2784, Time: 00:23:46

Health: -1/27      AC:  1    Str:  7    XL:     4   Next: 54%
Magic:  0/8        EV: 13    Int: 19    God:
Gold:   45         SH:  0    Dex: 12    Spells: 2/8 levels left

rFire   . . .        f - +0 dagger
rCold   . . .        (no shield)
rNeg    . . .        (helmet restricted)
rPois   .            (no amulet)
rElec   .            (no ring)
rCorr   .            (no ring)
SInv    .            (no ring)
Will    .....        (no ring)
Stlth   +++          (no ring)
HPRegen 0.24/turn    (no ring)
MPRegen 0.11/turn    (no ring)
                     (no ring)

%: no passive effects
@: no status effects
A: almost no armour, amphibious, 8 rings, camouflage 1, gelatinous body 1,
(nimble swimmer 1), tentacles
a: no special abilities


You were on level 3 of the Dungeon.
You visited 1 branch of the dungeon, and saw 3 of its levels.

You collected 45 gold pieces.

Inventory:

Hand Weapons
 d - a +0 mace
 f - a +0 dagger (weapon)
 j - a +0 flail
Jewellery
 n - a ring of protection from cold
Scrolls
 c - a scroll of enchant weapon {unknown}
 g - 2 scrolls of vulnerability {unknown}
 h - a scroll of enchant armour {unknown}
 i - a scroll of fear {unknown}
 k - 2 scrolls of teleportation {unknown}
 l - a scroll of identify {unknown}
 p - a scroll of immolation {unknown}
 r - a scroll of magic mapping {unknown}
Potions
 a - a potion of magic
 b - a potion of degeneration {unknown}
 e - a potion of haste {unknown}
 m - 2 potions of resistance {unknown}
 o - a potion of invisibility {unknown}
 q - a potion of might {unknown}
 s - a potion of mutation {unknown}
 t - a potion of flight {unknown}


   Skills:
 + Level 2.8 Dodging
 + Level 4.1 Stealth
 + Level 2.6 Spellcasting
 + Level 4.5 Summonings


You had 2 spell levels left.
You knew the following spells:

 Your Spells              Type           Power      Damage    Failure   Level
a - Summon Small Mammal   Summ           76%        N/A       2%          1
b - Call Imp              Summ           38%        N/A       3%          2
c - Call Canine Familiar  Summ           19%        N/A       8%          3

Your spell library contained the following spells:

 Spells                   Type           Power      Damage    Failure   Level
 Ensorcelled Hibernation  Hex/Ice        4%         N/A       24%         2
 Passwall                 Tmut/Erth      1%         N/A       24%         2
 Sublimation of Blood     Necr           2%         N/A       24%         2
 Summon Guardian Golem    Hex/Summ       11%        N/A       19%         3
 Swiftness                Air            2%         N/A       43%         3
 Summon Lightning Spire   Summ/Air       11%        N/A       52%         4
 Petrify                  Tmut/Erth      2%         N/A       85%         4
 Irradiate                Conj/Tmut      1%         3d12      99%         5


Dungeon Overview and Level Annotations

Branches:
Dungeon (3/15)

Altars:

Shops:
D:1 (

Annotations:
D:3 Terence


Innate Abilities, Weirdness & Mutations

You cannot wear most types of armour.
You are amphibious.
You can wear up to eight rings at the same time.
Your skin changes colour to match your surroundings (Stealth+).
Your rubbery body absorbs attacks. (AC +1, EV +1)
((You are camouflaged when in or above water. (Stealth+)))
You have tentacles for arms and can constrict up to eight enemies at once.


Message History

You kill the ball python!
You see here a ball python corpse.
A goblin comes into view. It is wielding a +0 club.
Found 17 gold pieces.
The goblin shouts!
Your hound disappears in a puff of smoke!
The goblin hits you with a +0 club.
You hit the goblin.
You kill the goblin!
No target in view!
HP restored.
You now have 45 gold pieces (gained 17).
Terence the Incautious comes into view.
He is wielding a +2 heavy flail.
The helpless Terence fails to defend himself.
You hit Terence. You grab Terence. You squeeze Terence!
Terence is severely wounded.
You constrict Terence, but do no damage.
Terence hits you with a +2 heavy flail!
Casting: Call Canine Familiar (quite dangerous; 8% risk of failure)
Confirm with . or Enter, or press ? or * to list all spells.
You constrict Terence.
Casting: Call Canine Familiar (quite dangerous; 8% risk of failure)
Confirm with . or Enter, or press ? or * to list all spells.
A tiny devil pulls itself out of the air.
You constrict Terence, but do no damage.
Terence hits you with a +2 heavy flail!
You swap places.
You release your grip on Terence.
Your hound misses Terence.
Terence hits your hound with a +2 heavy flail!
Your hound dies!
Your hound's corpse disappears in a puff of smoke!
Your cerulean imp hits Terence but does no damage.
Your cerulean imp hits Terence but does no damage.
Casting: Call Imp (safe; 3% risk of failure)
Confirm with . or Enter, or press ? or * to list all spells.
Your cerulean imp hits Terence but does no damage.
Your cerulean imp barely misses Terence.
Your hound bites Terence but does no damage.
Terence hits you with a +2 heavy flail!
Ouch! That really hurt!
You die...

#### ... #.# #
##.###.###### ###### #
#...........#####....# #
#####..###.#........# #
#####......#.#..).....###
.........................
#####.#.@#.#.#.......####
#.#h@#.#.############ #
#.5#..............#
#..#.#.............
#..#.#..#.......#.#
#.####............#..
#.......†......#..#.# ...
######'####.#.#...#.# ...
+.......# #.#.#......


You could see Terence (ally target), a friendly hound (summoned) and a friendly
cerulean imp (summoned).

Vanquished Creatures
  2 dart slugs (D:2)
  7 endoplasms
  2 giant cockroaches (D:2)
  2 goblins
  3 hobgoblins
  2 jackals (D:2)
  2 quokkas
  A ball python (D:3)
  4 bats
  A frilled lizard (D:1)
  6 rats
32 creatures vanquished.

Vanquished Creatures (collateral kills)
  2 worms
  A dart slug (D:1)
  3 orcs (D:3)
  3 ball pythons
  3 endoplasms (D:1)
  2 giant cockroaches
  5 goblins (D:1)
  3 hobgoblins
  A quokka (D:1)
  2 frilled lizards (D:1)
  8 kobolds
  4 rats (D:1)
37 creatures vanquished.

Grand Total: 69 creatures vanquished

Notes
Turn   | Place    | Note
-------+----------+-------------------------------------------
     0 | D:1      | croobank the Octopode Summoner began the quest for the Orb.
     0 | D:1      | Reached XP level 1. HP: 11/11 MP: 3/3
   231 | D:1      | Reached XP level 2. HP: 17/17 MP: 3/5
   251 | D:1      | Learned a level 2 spell: Call Imp
   543 | D:1      | Reached XP level 3. HP: 21/21 MP: 0/6
   708 | D:1      | Learned a level 3 spell: Call Canine Familiar
   953 | D:1      | Found Samexir's Weapon Shoppe.
  1805 | D:2      | Reached XP level 4. HP: 27/27 MP: 1/7
  2770 | D:3      | Noticed Terence
  2784 | D:3      | Slain by Terence

Illustrated notes

Levels and vault maps discovered:
D:1:      minmay_arrival_open_corners, layout_basic, serial_shops,
          nicolae_shop_tiny_statue_garden, minivault_23, lexackson_kobold_supper
D:2:      layout_loops_ring, grunt_ministairs_11
D:3:      layout_basic, nzn_wu_jian_council_hall, uniq_terence

Skill      XL: |  1  2  3  4 |
---------------+-------------+-----
Stealth        | 3 4 |  4.1
Dodging        | |  2.8
Spellcasting   | |  2.6
Summonings     | |  4.5

Action                     |  1- 3 |  4- 6 || total
---------------------------+-------+-------++-------
  Melee: Unarmed           |    13 |       ||    13
         Constrict         |    10 |     3 ||    13
         Tentacles         |    84 |     7 ||    91
         Mace              |     7 |       ||     7
         Dagger            |   239 |    19 ||   258
         Punch             |     6 |       ||     6
   Cast: Summon Small Mamm |    26 |     2 ||    28
         Call Imp          |     9 |     3 ||    12
         Call Canine Famil |     6 |     8 ||    14
   Stab: Sleeping          |     4 |     6 ||    10
         Distracted        |       |     1 ||     1
 Armour: Skin              |     5 |       ||     5
  Dodge: Dodged            |    30 |     6 ||    36
